← All builds
Suicide front / Armada / Factory first / OBSERVED BUILD

Standard suicide front

Bot Lab first into Rocketeer/Centurion/Pawn to contest the middle early and hold until T2 arrives, the role's baseline play.

Usually lab first (62%)

#rush · 1185 distinct matches · 125 players · 71% of Armada Suicide front games · team won 60% of 1411 · Recently observed

HOW TO PLAY IT

Key timing: Bot Lab by 0:20

  1. Open with mex and wind, drop Bot Lab immediately.
  2. Push out first "Centurion" as Pond's boost lands.
  3. Send "Rocketeer", "Centurion", "Pawn" mix to contest middle.
  4. Add Dragon's Teeth and Sentries to hold the line.
  5. Get Advanced Metal Extractor up as T2 nears.

Phase by phase

TYPICAL OF ITS 1185 GAMES
  1. 1
  2. 2
  3. 3
PLAY THE OPENING

Follow the example game's first 6:00 step by step: what to build now, what comes next, and where it goes. At 1× it keeps pace with your own game.

  1. 1

    Bot Lab first

    Order
    1. Bot LabBot Lab done ~0:20, middle half 0:20–0:33

    Some games also: mex (37%)

  2. 2

    Bot Lab to 5:00

    Economy
    • Metal Extractor5Mex
    • Wind Turbine4Wind
    Builders
    • Construction Bot3 Con bot
    • Lazarus2 Lazarus
    Army
    • Sentry4 Sentry
    • Rocketeer18 Rocketeer
    • Tick2 Tick
    • Centurion1 Centurion
    Other
    • Radar Tower1 Radar Tower

    Some games also: con turret (35%) · pawn (31%)

    By 5:00 in all: 5 mex · 5 wind

    The example game in this phase · 29 steps
    1. TickTick ×3
    2. LazarusLazarus ×2
    3. CenturionCenturion
    4. Construction BotCon bot ×2
    5. RocketeerRocketeer
    6. Mex
    7. Radar TowerRadar Tower
    8. RocketeerRocketeer
    9. Mex
    10. SentrySentry
    11. RocketeerRocketeer ×3
    12. Wind
    13. Mex
    14. RocketeerRocketeer ×3
    15. Wind
    16. RocketeerRocketeer ×2
    17. Construction BotCon bot
    18. Wind
    19. Con turret
    20. Construction BotCon bot
    21. LazarusLazarus
    22. Wind
    23. LazarusLazarus
    24. TickTick ×2
    25. Wind
    26. TickTick ×3
    27. Energy storage
    28. Con turret
    29. TickTick
  3. 3

    5:00 to 10:00

    Economy
    • Metal Extractor1Mex
    • Wind Turbine17Wind
    Builders
    • Construction Turret2 Con turret
    • Lazarus2 Lazarus
    • Construction Bot1 Con bot
    Army
    • Sentry1 Sentry
    • Rocketeer8 Rocketeer
    • Pawn1 Pawn

    Some games also: tick (48%) · Radar Tower (47%) · energy storage (46%) · centurion (45%) · Beamer (38%)

    By 10:00 in all: 6 mex · 23 wind · 1 energy storage · 3 con turret

    The example game in this phase · 192 steps
    1. TickTick ×2
    2. CenturionCenturion
    3. Wind
    4. TickTick
    5. Energy storage
    6. TickTick
    7. RocketeerRocketeer
    8. ThugThug
    9. Wind
    10. RocketeerRocketeer
    11. Con turret
    12. RocketeerRocketeer
    13. Wind
    14. RocketeerRocketeer ×4
    15. Mex
    16. Wind
    17. RocketeerRocketeer ×3
    18. Wind
    19. CenturionCenturion
    20. Advanced Metal ExtractorT2 mexdone 6:54 · typical 9:37
    21. Mex
    22. CenturionCenturion
    23. Wind ×3
    24. Advanced Metal ExtractorT2 mex
    25. Wind
    26. TickTick
    27. SentrySentry
    28. TickTick
    29. Wind
    30. TickTick
    31. BeamerBeamer
    32. TickTick
    33. Advanced Metal ExtractorT2 mex
    34. TickTick
    35. Wind
    36. TickTick
    37. Sneaky PeteSneaky Pete
    38. TickTick
    39. Wind
    40. Sneaky PeteSneaky Pete
    41. TickTick ×2
    42. Wind
    43. TickTick
    44. Wind
    45. LazarusLazarus
    46. Wind
    47. Advanced Metal ExtractorT2 mex
    48. Wind
    49. LazarusLazarus
    50. Con turret
    51. Wind
    52. Con turret ×2
    53. LazarusLazarus
    54. Wind
    55. Con turret
    56. Radar TowerRadar Tower
    57. Wind
    58. LazarusLazarus
    59. Wind ×2
    60. Con turret
    61. Wind
    62. LazarusLazarus
    63. Wind ×9
    64. Dragon's TeethDragon's Teeth
    65. Wind
    66. Dragon's TeethDragon's Teeth ×2
    67. TickTick
    68. Wind
    69. Dragon's TeethDragon's Teeth
    70. TickTick
    71. Advanced Metal ExtractorT2 mex
    72. Wind
    73. Dragon's TeethDragon's Teeth
    74. TickTick ×2
    75. Wind
    76. Dragon's TeethDragon's Teeth
    77. TickTick ×2
    78. Dragon's TeethDragon's Teeth
    79. Wind ×3
    80. Dragon's TeethDragon's Teeth
    81. Wind
    82. CenturionCenturion
    83. Wind ×2
    84. Dragon's TeethDragon's Teeth
    85. CenturionCenturion
    86. Wind
    87. MaceMace
    88. CenturionCenturion
    89. Wind
    90. MaceMace
    91. Wind
    92. CenturionCenturion ×2
    93. Wind ×2
    94. RattlesnakeRattlesnakedone 11:12
    95. Wind ×9
    96. Fortification WallFortification Wall
    97. Construction BotCon bot
    98. Fortification WallFortification Wall ×5
    99. TickTick ×5
    100. Fortification WallFortification Wall
    101. TickTick ×3
    102. Wind
    103. Fortification WallFortification Wall
    104. TickTick
    105. JunoJuno
    106. Fortification WallFortification Wall
    107. TickTick
    108. Fortification WallFortification Wall
    109. TickTick
    110. PulsarPulsardone 13:20
    111. Wind
    112. TickTick ×2
    113. Converter
    114. Wind
    115. TickTick ×6
    116. Wind
    117. Dragon's TeethDragon's Teeth
    118. TickTick ×2
    119. Dragon's TeethDragon's Teeth
    120. TickTick ×2
    121. Dragon's TeethDragon's Teeth
    122. TickTick ×2
    123. Wind
    124. TickTick
    125. Dragon's TeethDragon's Teeth
    126. Wind
    127. TickTick
    128. Wind
    129. TickTick ×2
    130. Wind
    131. Dragon's TeethDragon's Teeth
    132. TickTick ×2
    133. Wind
    134. TickTick
    135. Converter
    136. Wind ×2
    137. TickTick
    138. Dragon's TeethDragon's Teeth
    139. TickTick ×2
    140. Dragon's TeethDragon's Teeth
    141. Wind
    142. TickTick ×3
    143. Wind ×2
    144. TickTick ×2
    145. Dragon's TeethDragon's Teeth
    146. TickTick
    147. Dragon's TeethDragon's Teeth
    148. Wind
    149. TickTick
    150. Wind
    151. TickTick
    152. Dragon's TeethDragon's Teeth
    153. Wind
    154. TickTick
    155. Dragon's TeethDragon's Teeth
    156. TickTick ×4
    157. Wind
    158. TickTick
    159. Converter
    160. Wind
    161. TickTick
    162. Dragon's TeethDragon's Teeth
    163. TickTick ×2
    164. Wind
    165. TickTick
    166. Wind
    167. TickTick ×2
    168. Wind
    169. Dragon's TeethDragon's Teeth
    170. TickTick ×2
    171. Fusion ReactorFusiondone 14:16
    172. TickTick
    173. Dragon's TeethDragon's Teeth
    174. TickTick
    175. Wind
    176. Dragon's TeethDragon's Teeth ×2
    177. Wind
    178. Dragon's TeethDragon's Teeth
    179. Converter
    180. Dragon's TeethDragon's Teeth
    181. Wind ×3
    182. Dragon's TeethDragon's Teeth ×2
    183. Fusion ReactorFusion
    184. Converter
    185. Wind
    186. ChainsawChainsaw
    187. Wind ×2
    188. Converter
    189. Advanced Bot LabAdvanced Bot Labnot finished by 15:00
    190. TickTick
    191. Wind
    192. TickTick

Counts are medians over the build's games: half of them build more, half fewer. The example game is Espera's (38 OS, 24/09/2026); pick another.

Team trades

IN AT LEAST 30% OF ITS GAMES

You hand over

Nothing regular.

You get

  • Tidal Generator4 Tidal from Pondfirst at 0:10 · in 69% of games
  • Advanced Construction Bot1 T2 con bot from Geo or Techfirst at 7:30 · in 58% of games

How it plays out

Typical game of this build, running totals by minute

Metal produced

010k20k30k
0:005:0010:0015:00

metal

Enemy metal destroyed

05k10k
0:005:0010:0015:00

metal

Own metal lost

05k10k
0:005:0010:0015:00

metal

1411 games.

Show as table
ByMetal produced: This buildEnemy metal destroyed: This buildOwn metal lost: This build
1:0022600
2:0088900
3:002056172106
4:003161660486
5:00423614131020
6:00543023271785
7:00666131792732
8:00791040353631
9:00929848164516
10:001068854265336
11:001224158986080
12:001402465176842
13:001604270137523
14:001796976808336
15:002029783029228
WHAT THE NUMBERS SAY

Standard suicide front play wins slightly more than half its games with fast kills but also fast losses, matching the raw grind of the role.

  • + First kill lands by 2:04 in all games
  • + Metal produced reaches 19882 by 15:00
  • − Own metal lost hits 9208 by 15:00, near metal destroyed of 8172
  • − First unit lost as early as 2:08 in every game
THE EXAMPLE YOU ARE READING

Espera

37.5 OS · 24/09/2026

Open source match ↗

6 received units · includes a constructor
137 metal received · 77811 energy received

Allied construction assistance is unknown. Timings are observations, not a promise of solo reproducibility.

Typical milestones

Bot Lab0:20Middle 50%: 0:20–0:33 · n=1405
Advanced Metal Extractor9:37Middle 50%: 8:41–10:48 · n=1035

Played most by

_X_252games of this buildPlatinumBlonde166games of this buildXad109games of this buildImmort62games of this buildwatermeloans58games of this build